 Dungeon Crawl Stone Soup version 0.30-a0-219-gf2db51d15e (webtiles) character file.

Game seed: 3443947895804391252

82 Decritt the Shooter (level 4, 12/26 HPs)
             Began as a Kobold Hexslinger on Oct 7, 2022.
             Quit the game on level 2 of the Dungeon.
             The game lasted 00:02:37 (1135 turns).

Decritt the Shooter (Kobold Hexslinger)             Turns: 1135, Time: 00:02:37

Health: 12/26      AC:  3    Str:  7    XL:     4   Next: 70%
Magic:  7/7        EV: 15    Int: 14    God:
Gold:   69         SH:  0    Dex: 17    Spells: 6/7 levels left

rFire   . . .      SeeInvis .    a - +1 sling
rCold   . . .      Faith    .    (no shield)
rNeg    . . .      Spirit   .    c - +0 robe
rPois   .          Reflect  .    (no helmet)
rElec   .          Harm     .    (no cloak)
rCorr   .          Rampage  .    (no gloves)
Will    .....                    e - +0 pair of boots
Stlth   +++.......               (no amulet)
HPRegen 0.24/turn                (no ring)
MPRegen 0.10/turn                (no ring)

@: mildly poisoned (12 -> 11)
A: small, no large weapons, nightstalker 3
a: no special abilities


You were on level 2 of the Dungeon.
You visited 1 branch of the dungeon, and saw 2 of its levels.

You collected 69 gold pieces.

Inventory:

Hand Weapons
 a - a +1 sling (weapon)
Armour
 c - a +0 robe (worn)
 e - a +0 pair of boots (worn)
Scrolls
 b - a scroll of poison
 d - 3 scrolls of identify {unknown}
 g - a scroll of immolation {unknown}
 h - a scroll of teleportation {unknown}
 i - a scroll of silence {unknown}
 l - a scroll of fear {unknown}
Potions
 f - 2 potions of curing {unknown}
 j - a potion of invisibility {unknown}
 k - 2 potions of ambrosia {unknown}
 m - 3 potions of magic {unknown}


   Skills:
 + Level 2.1 Fighting
 + Level 3.6 Ranged Weapons
 + Level 3.2 Dodging
 + Level 2.0 Spellcasting
 + Level 3.4 Hexes


You had 6 spell levels left.
You knew the following spells:

 Your Spells              Type           Power      Damage    Failure   Level
a - Slow                  Hex            44%        N/A       5%          1

Your spell library contained the following spells:

 Spells                   Type           Power      Damage    Failure   Level
 Inner Flame              Hex/Fire       6%         N/A       34%         3
 Portal Projectile        Hex/Tloc       12%        N/A       34%         3
 Cause Fear               Hex            5%         N/A       50%         4
 Flame Wave               Conj/Fire      1%         2d4       93%         4
 Sticky Flame             Conj/Fire      1%         2d3       93%         4


Dungeon Overview and Level Annotations

Branches:
Dungeon (2/15)

Altars:


Innate Abilities, Weirdness & Mutations

You are small and have problems with some larger weapons.
You are completely attuned to the shadows.


Message History

No target in view!
Found a stone staircase leading up.
No target in view!
m - 3 murky inky potions
Found a robe.
No target in view!
No target in view!
An adder and a frilled lizard come into view.
Found a chain mail.
You shoot a sling bullet.
The sling bullet hits the adder but does no damage.
The frilled lizard hisses angrily.
You shoot a sling bullet.
The sling bullet barely misses the adder.
You shoot a sling bullet.
The sling bullet hits the adder but does no damage.
The adder bites you but does no damage. The adder closely misses you.
You shoot a sling bullet. The sling bullet hits the adder.
The adder is lightly wounded.
The adder misses you. The adder bites you.
You shoot a sling bullet. The sling bullet misses the adder.
The adder bites you.
You shoot a sling bullet.
The sling bullet hits the adder but does no damage.
The adder is lightly wounded.
The adder closely misses you. The adder bites you.
You are poisoned.
The adder poisons you! The adder attacks as you move away!
The adder misses you.
You feel sick.
You feel sick.
You shoot a sling bullet.
The sling bullet closely misses the adder.
The sling bullet hits the frilled lizard.
You kill the frilled lizard!
You feel sick. The adder bites you. The adder misses you.
You shoot a sling bullet.
The sling bullet barely misses the adder.
You feel sick. The adder closely misses you. The adder bites you.
* * * LOW HITPOINT WARNING * * *
Are you sure you want to abandon this character and quit the game? (Confirm with "yes".)

# # # ...# #...# ##.
##########...####.##
...................##
###.................# #
#.........<...@...#
###.####.#...#.##S#.#.#
....# #.#...#.###.....
#.### #.......# ##.#.#
#.# #.......# ... #.#
........# .... ..#
#.....[.# .[.. ..###
#.....## .....


You could see an adder.

Vanquished Creatures
  Jessica (D:2)
  An adder (D:2)
  A dart slug (D:1)
  4 ball pythons
  2 bats (D:1)
  6 endoplasms
  A giant cockroach (D:1)
  2 goblins (D:1)
  5 hobgoblins
  4 jackals (D:1)
  A quokka (D:1)
  6 frilled lizards
  4 kobolds (D:1)
  4 rats (D:1)
42 creatures vanquished.

Notes
Turn   | Place    | Note
-------+----------+-------------------------------------------
     0 | D:1      | Decritt the Kobold Hexslinger began the quest for the Orb.
     0 | D:1      | Reached XP level 1. HP: 12/12 MP: 2/2
    85 | D:1      | Reached XP level 2. HP: 16/16 MP: 3/3
   248 | D:1      | Reached XP level 3. HP: 20/20 MP: 5/5
   835 | D:2      | Noticed Jessica
   846 | D:2      | Killed Jessica
   847 | D:2      | Reached XP level 4. HP: 7/26 MP: 3/6
  1135 | D:2      | Quit the game

Illustrated notes

Levels and vault maps discovered:
D:1:      dpeg_arrival_shrine, layout_rooms, minmay_misc_feat_encased
D:2:      layout_loops_cross, uniq_jessica

Skill      XL: |  1  2  3  4 |
---------------+-------------+-----
Ranged Weapons | 3 |  3.6
Dodging        | 3 |  3.2
Fighting       | 2 |  2.1
Spellcasting   | 2 |  2.0
Hexes          | |  3.4

Action                   |  1- 3 |  4- 6 || total
-------------------------+-------+-------++-------
 Fire: Sling             |    99 |    21 ||   120
 Cast: Slow              |     6 |     1 ||     7
Armor: Robe              |    13 |     4 ||    17
Dodge: Dodged            |    88 |    12 ||   100

Table legend: (Time is in decaauts)
 A = Elapsed time spent in this place.
 B = Non-inter-level travel time spent in this place.
 C = Inter-level travel time spent in this place.
 D = Time resting spent in this place.
 E = Time spent auto-exploring this place.
 F = Levels seen in this place.
 G = Mean time per level.
                   A        B        C        D        E       F      G
               +--------+--------+--------+--------+--------+-----+--------+
         Total |   1165 |   1118 |     47 |    140 |    711 |   2 |  582.5 |
       Dungeon |   1165 |   1118 |     47 |    140 |    711 |   2 |  582.5 |
               +--------+--------+--------+--------+--------+-----+--------+

Top non-repeatable levels by time:
     D:1: 921 daAuts
     D:2: 243 daAuts
